 Dungeon Sprint DCSS version 0.30-a0-509-gd016549fea (webtiles) character file.

Game seed: 443696068564028149

10210 mhtbhm the Peltast (level 11, -6/175 HPs)
             Began as a Minotaur Berserker on Dec 23, 2022.
             Was the Champion of Trog.
             Mangled by a guardian serpent (8 damage)
             ... in the Dungeon (Sprint V: "Ziggurat Sprint").
             The game lasted 00:04:52 (1133 turns).

mhtbhm the Peltast (Minotaur Berserker)             Turns: 1133, Time: 00:04:53

Health: -6/175     AC: 23    Str: 32    XL:     11   Next: 33%
Magic:  10/10      EV:  0    Int:  7    God:    Trog [******]
Gold:   0          SH: 31    Dex: 10    Spells: 10/10 levels left

rFire   + . .      SeeInvis .    a - +0 spear
rCold   + . .      Faith    +    z - +18 shield of the Gong {rElec rN+ Will+ EV-5}
rNeg    + . .      Spirit   .    b - +5 gold dragon scales
rPois   +          Reflect  .    (helmet restricted)
rElec   +          Harm     .    (no cloak)
rCorr   .          Rampage  .    (no gloves)
Will    +....      NoTele   +    (no boots)
Stlth   ..........               r - amulet of Ipsea {Faith Int+3}
HPRegen 0.49/turn                w - +6 ring of strength
MPRegen 0.12/turn                u - +4 ring of slaying

@: berserking, slowed, constricted
A: horns 2, retaliatory headbutt
a: Renounce Religion, Berserk, Trog's Hand, Brothers in Arms


You were in the Dungeon.
You worshipped Trog.
Trog was exalted by your worship.
You visited 1 branch

Inventory:

Hand Weapons
 a - a +0 spear (weapon)
Armour
 b - +5 gold dragon scales (worn)
 z - the +18 shield of the Gong (worn) {rElec rN+ Will+ EV-5}
   (You found it in the Dungeon)

   It is deafeningly noisy when blocking attacks.
   EV:        It affects your evasion (-5).
   rElec:     It insulates you from electricity.
   rN:        It protects you from negative energy.
   Will:      It increases your willpower.
Jewellery
 r - the amulet of Ipsea (around neck) {Faith Int+3}
   (You found it in the Dungeon)

   [amulet of faith]

   It allows you to gain divine favour quickly.
   Int:       It affects your intelligence (+3).
 s - a ring of protection from fire
 t - a ring of willpower
 u - a +4 ring of slaying (right hand)
 w - a +6 ring of strength (left hand)
 C - a ring of protection from cold
Wands
 p - a wand of mindburst (7)
 q - a wand of quicksilver (5)
 v - a wand of polymorph (6)
Scrolls
 h - 3 scrolls of blinking
 m - 7 scrolls of fog
 n - 5 scrolls of identify
 o - 2 scrolls of fear
 E - a scroll of acquirement
Potions
 c - 3 potions of curing
 d - 11 potions of heal wounds
 e - 6 potions of haste
 f - 7 potions of magic
 g - 3 potions of berserk rage
 i - 2 potions of invisibility
 j - 4 potions of resistance
 k - a potion of experience
 l - 5 potions of might
 F - a potion of lignification {unknown}
Miscellaneous
 x - a condenser vane
 y - a lightning rod (4/4)
 B - a tin of tremorstones (2/2)


   Skills:
 + Level 17.1 Fighting
 + Level 16.8 Polearms
 + Level 12.2 Armour
 + Level 6.9 Dodging
 + Level 5.4 Stealth
 + Level 17.8 Shields
 + Level 3.4 Evocations


You had 10 spell levels left.
You didn't know any spells.
Your spell library was empty.

Dungeon Overview and Level Annotations

Branches:
Dungeon (1/1)

Altars:
Ashenzari
Cheibriados
Dithmenos
Elyvilon
Fedhas
Gozag
Hepliaklqana
Kikubaaqudgha
Makhleb
Nemelex Xobeh
Okawaru
Qazlal
Ru
Sif Muna
Trog
Uskayaw
Vehumet
Wu Jian
Xom
Yredelemnul
Zin
The Shining One
Jiyva
Lugonu


Innate Abilities, Weirdness & Mutations

You have a pair of horns on your head.
You reflexively headbutt those who attack you in melee.


Message History

BONNNG!
You block the anaconda's attack.
GONNNNG!
Unknown command.
You impale the naga warrior!!
You kill the naga warrior!
Trog accepts your kill.
You block the guardian serpent's attack.
SHROANNG!
You block the anaconda's attack.
BONNNG!
You block the anaconda's attack.
GONNNNG!
The water moccasin bites you but does no damage.
Unknown command.
You puncture the water moccasin!
You kill the water moccasin!
Trog accepts your kill. You block the anaconda's attack.
SHROANNG!
You block the anaconda's attack.
PANG!
The guardian serpent hits you but does no damage.
You puncture the anaconda!
The anaconda is severely wounded.
The anaconda grabs you. You block the anaconda's attack.
BOUMMMMG!
The anaconda constricts you.
* * * LOW HITPOINT WARNING * * *
The guardian serpent hits you!
* * * LOW HITPOINT WARNING * * *
Unknown command.
You puncture the anaconda!
The anaconda is almost dead.
You block the anaconda's attack.
BONNNG!
The anaconda constricts you.
* * * LOW HITPOINT WARNING * * *
The guardian serpent hits you!
You die...

▓...8©8...▓.
▓..)§§§§[.▓..|))|}.)▓.
▓.§§)§§)..▓..[|:})..▓.
▓.§§.§§...▓.......).▓.
▓.§§§§.§..▓.........▓.
▓.....§§..▓.........▓.
▓....§.§..▓.........▓.
▓...S§§...▓.........▓.
▓.▓..@).▓.▓.▓.....▓.▓.
▓...)S....▓....©....▓▓
▓▓▓▓▓▓▓▓▓▓▓▓▓▓▓▓▓▓▓▓▓


You could see an anaconda and a guardian serpent.

Vanquished Creatures
  3 ophanim (D)
  2 anacondas (D)
  Erica (D)
  2 naga warriors (D)
  A cyclops (D)
  2 naga magi (D)
  A yaktaur (D)
  Sigmund (D)
  A spriggan (D)
  A golden eye (D)
  Edmund (D)
  2 water moccasins (D)
  2 hell hounds (D)
  Duvessa (D)
  3 black bears (D)
  3 orc warriors (D)
  A wolf (D)
  3 ogres (D)
  2 centaurs (D)
  A phantom (D)
  Blork the orc (D)
  4 necrophages (D)
  2 wights (D)
  Dowan (D)
  A jelly (D)
  Crazy Yiuf (D)
  2 orc priests (D)
  Jessica (D)
  3 orc wizards (D)
  3 adders (D)
  A white imp (D)
  An adder zombie (D)
  An adder skeleton (D)
  An orc (D)
  A bat skeleton (D)
  2 bat zombies (D)
  3 ball pythons (D)
  A ball python skeleton (D)
  A ball python zombie (D)
65 creatures vanquished.

Vanquished Creatures (collateral kills)
  A daeva (D)
1 creature vanquished.

Vanquished Creatures (others)
  A ball python (D)
1 creature vanquished.

Grand Total: 67 creatures vanquished

Notes
Turn   | Place    | Note
-------+----------+-------------------------------------------
     0 | D        | mhtbhm the Minotaur Berserker began the quest for the Orb.
     0 | D        | Reached XP level 1. HP: 19/19 MP: 0/0
     0 | D        | Found a shimmering blue altar of Sif Muna.
     0 | D        | Found a bloodstained altar of Trog.
     0 | D        | Found a sacrificial altar of Ru.
     0 | D        | Found a stormy altar of Qazlal.
     0 | D        | Found an iron altar of Okawaru.
     4 | D        | Found a blossoming altar of Fedhas.
     4 | D        | Found the +6 Majin-Bo {vamp, MP+6 Int+6}
     4 | D        | Found the +27 heavy crossbow "Sniper" {vorpal, Acc+∞ SInv}
     4 | D        | Found the +10 dark maul {vorpal}
     4 | D        | Found the +15 Maxwell's patent armour {-Cast -Tele rElec
                  | Will+ rCorr}
     4 | D        | Found the +18 shield of the Gong {rElec rN+ Will+ EV-5}
     4 | D        | Found the +14 obsidian axe {vorpal, Mesm Drain Fly SInv}
     4 | D        | Found the +7 great mace "Firestarter" {inner flame, rF++}
     4 | D        | Found the +6 shillelagh "Devastator" {shatter}
     4 | D        | Found the +11 plutonium sword {Contam Stlth-}
     4 | D        | Found the +8 lance "Wyrmbane" {slay drac, rPois rF+ rC+
                  | AC+3}
     4 | D        | Found the +9 sword of Zonguldrok {reap}
     4 | D        | Found the +13 scythe of Curses {drain, Drain}
     4 | D        | Found the +5 sword of Power {vorpal}
     4 | D        | Found the +7 mace of Variability {chain chaos}
     4 | D        | Found the +7 Singing Sword {vorpal, sonic wave}
     4 | D        | Found the +8 storm bow {elec, penet}
    21 | D        | Found a sparkling altar of Nemelex Xobeh.
    23 | D        | Found a transporter.
    23 | D        | Found an ancient bone altar of Kikubaaqudgha.
    23 | D        | Found a viscous altar of Jiyva.
    23 | D        | Found a corrupted altar of Lugonu.
    23 | D        | Found a hazy altar of Hepliaklqana.
    23 | D        | Found a burning altar of Makhleb.
    23 | D        | Found an opulent altar of Gozag.
    70 | D        | Entered arena 2.
    70 | D        | Noticed a golden eye
    70 | D        | Noticed a jelly
    70 | D        | Found a transporter.
    94 | D        | Killed a jelly
    95 | D        | Reached skill level 5 in Fighting
    95 | D        | Reached skill level 5 in Polearms
    95 | D        | Reached XP level 2. HP: 30/30 MP: 1/1
    95 | D        | Reached XP level 3. HP: 37/37 MP: 2/2
    95 | D        | Killed a golden eye
    96 | D        | Reached skill level 1 in Shields
    96 | D        | Reached XP level 4. HP: 49/49 MP: 3/3
    96 | D        | Reached XP level 5. HP: 56/56 MP: 4/4
   146 | D        | Entered arena 3.
   146 | D        | Noticed a centaur
   146 | D        | Noticed a yaktaur
   146 | D        | Noticed a centaur
   146 | D        | Found a transporter.
   152 | D        | Killed a centaur
   152 | D        | Reached ** piety under Trog
   153 | D        | Reached skill level 5 in Armour
   155 | D        | Killed a centaur
   156 | D        | Reached skill level 10 in Fighting
   156 | D        | Reached skill level 10 in Polearms
   156 | D        | Reached skill level 5 in Dodging
   156 | D        | Reached XP level 6. HP: 57/66 MP: 5/5
   159 | D        | Killed a yaktaur
   160 | D        | Reached XP level 7. HP: 54/74 MP: 6/6
   164 | D        | Got the amulet of Ipsea {Faith Int+3}
   178 | D        | Entered arena 4.
   178 | D        | Noticed a cyclops
   178 | D        | Found a transporter.
   186 | D        | Reached *** piety under Trog
   193 | D        | Killed a cyclops
   194 | D        | Reached skill level 5 in Shields
   194 | D        | Reached XP level 8. HP: 35/86 MP: 7/7
   371 | D        | Entered arena 5.
   371 | D        | Found a transporter.
   373 | D        | Reached **** piety under Trog
   393 | D        | Entered arena 6.
   393 | D        | Found the +9 staff of Wucad Mu {*channel}
   393 | D        | Found a transporter.
   403 | D        | Reached ***** piety under Trog
   413 | D        | Received a gift from Trog
   523 | D        | Entered arena 7.
   523 | D        | Noticed a naga mage
   524 | D        | Found a transporter.
   557 | D        | Killed a naga mage
   558 | D        | Reached XP level 9. HP: 63/96 MP: 8/8
   645 | D        | Got the ring "Iniumyir" {EV+4 Stlth+}
   648 | D        | Got the amulet of Cyx Feetz {RegenMP rPois Will+ Str+2}
   658 | D        | Entered arena 8.
   659 | D        | Found a transporter.
   660 | D        | Reached ****** piety under Trog
   660 | D        | Received a gift from Trog
   670 | D        | Reached skill level 10 in Shields
   693 | D        | Entered arena 9.
   693 | D        | Found the +6 lightning scales {swift, rElec}
   694 | D        | Found a transporter.
   702 | D        | Identified the +9 halberd "Kymughigho" {vorpal, rC++} (Trog
                  | gifted it to you in the Dungeon)
   702 | D        | Received a gift from Trog
   713 | D        | Reached skill level 15 in Polearms
   732 | D        | Got the ring of the Final Chapter {rF- Will++ rCorr AC+4}
   741 | D        | Entered arena 10.
   741 | D        | Noticed Sigmund
   741 | D        | Noticed Jessica
   741 | D        | Noticed Blork the orc
   741 | D        | Noticed Crazy Yiuf
   741 | D        | Noticed Dowan
   741 | D        | Noticed Duvessa
   741 | D        | Noticed Edmund
   741 | D        | Noticed Erica
   743 | D        | Found a transporter.
   749 | D        | Killed Crazy Yiuf
   750 | D        | Reached skill level 15 in Fighting
   752 | D        | Killed Erica
   752 | D        | Received a gift from Trog
   752 | D        | Killed Jessica
   753 | D        | Killed Blork the orc
   757 | D        | Killed Duvessa
   757 | D        | Identified the +3 halberd of the Foremost Souls {vorpal,
                  | rF+ rC++ rN+ Will+} (Trog gifted it to you in the Dungeon)
   757 | D        | Received a gift from Trog
   758 | D        | Reached skill level 1 in Stealth
   760 | D        | Killed Edmund
   762 | D        | Killed Dowan
   764 | D        | Killed Sigmund
   764 | D        | Received a gift from Trog
   765 | D        | Reached skill level 10 in Armour
   765 | D        | Reached XP level 10. HP: 106/106 MP: 9/9
   811 | D        | Entered arena 11.
   812 | D        | Found a transporter.
   841 | D        | Identified the +8 glaive "Seutwiol" {vorpal, rCorr SInv}
                  | (Trog gifted it to you in the Dungeon)
   841 | D        | Received a gift from Trog
   918 | D        | Entered arena 12.
   918 | D        | Noticed an ophan
   918 | D        | Noticed a daeva
   918 | D        | Noticed an ophan
   918 | D        | Noticed an ophan
   929 | D        | Killed an ophan
   930 | D        | Reached skill level 1 in Evocations
   941 | D        | Killed an ophan
   942 | D        | Reached skill level 15 in Shields
   950 | D        | Found a transporter.
   953 | D        | Killed a daeva
   953 | D        | Identified the +5 trident of Defenestration {flame, rC+
                  | Str+2 Dex+5} (Trog gifted it to you in the Dungeon)
   953 | D        | Received a gift from Trog
   954 | D        | Killed an ophan
   955 | D        | Reached skill level 5 in Stealth
  1100 | D        | Entered arena 13.
  1100 | D        | Noticed an anaconda
  1100 | D        | Noticed a naga warrior
  1100 | D        | Noticed a naga mage
  1100 | D        | Noticed a guardian serpent
  1101 | D        | Noticed an anaconda
  1102 | D        | Noticed an anaconda
  1103 | D        | Noticed a naga warrior
  1108 | D        | Killed an anaconda
  1109 | D        | Reached XP level 11. HP: 116/116 MP: 10/10
  1112 | D        | Killed an anaconda
  1118 | D        | Received a gift from Trog
  1126 | D        | Killed a naga warrior
  1130 | D        | Killed a naga warrior
  1132 | D        | HP: 3/175 [guardian serpent (17)]
  1133 | D        | Mangled by a guardian serpent

Illustrated notes

Levels and vault maps discovered:
D:        sprint_v [room_start, room_1, room_2, room_3, room_4, room_5, room_6,
          room_7, room_8, room_9, room_10, room_11, room_12, room_13, room_14,
          room_15, room_16, room_17, room_18, room_19, room_20, room_21,
          room_22, room_23, room_24, room_25, room_26, room_27]

Skill      XL: |  1  2  3  4  5  6  7  8  9 10 11 |
---------------+----------------------------------+-----
Fighting       | 5 8 10 11 13 14 15 16 17 | 17.1
Polearms       | 5 8 10 11 13 14 15 16 | 16.8
Armour         | 3 4 5 6 8 10 11 12 | 12.2
Dodging        | 3 4 5 6 |  6.9
Shields        | 1 2 4 5 9 13 16 17 | 17.8
Stealth        | 1 5 |  5.4
Evocations     | 2 3 |  3.4

Action                   |  1- 3 |  4- 6 |  7- 9 | 10-12 || total
-------------------------+-------+-------+-------+-------++-------
Melee: Spear             |    11 |    11 |   138 |    90 ||   250
       Headbutt          |       |     6 |    23 |    19 ||    48
Invok: Berserk           |     1 |       |     1 |     2 ||     4
       Brothers in Arms  |       |       |       |     1 ||     1
Evoke: Wand              |     1 |       |       |     1 ||     2
       Lightning rod     |       |       |     2 |     2 ||     4
       Condenser vane    |       |       |     1 |     2 ||     3
  Use: Potion            |     7 |       |       |     3 ||    10
       Scroll            |       |       |       |     1 ||     1
 Stab: Confused          |       |       |     4 |       ||     4
Armor: Gold dragon scale |    16 |    10 |    39 |    49 ||   114
Dodge: Dodged            |     1 |       |     3 |       ||     4
Block: Kite shield       |     6 |    21 |   144 |   123 ||   294

Table legend: (Time is in decaauts)
 A = Elapsed time spent in this place.
 B = Non-inter-level travel time spent in this place.
 C = Inter-level travel time spent in this place.
 D = Time resting spent in this place.
 E = Time spent auto-exploring this place.
 F = Levels seen in this place.
 G = Mean time per level.
                   A        B        C        D        E       F      G
               +--------+--------+--------+--------+--------+-----+--------+
         Total |   1064 |   1064 |      0 |    588 |      0 |   1 | 1064.0 |
       Dungeon |   1064 |   1064 |      0 |    588 |      0 |   1 | 1064.0 |
               +--------+--------+--------+--------+--------+-----+--------+

Top non-repeatable levels by time:
       D: 1064 daAuts
